Rampage vs Penguins

Created - Wednesday, December 09, 2015 at 02:45

Goals
1 2 3 T
Rampage 1 2 0 3
Penguins 0 1 0 1
Shots
1 2 3 T
Rampage 9 14 7 30
Penguins 10 15 8 33

1st period

1. Rampage , Liam O'Brien 2 (Tomas Kundratek, Andrej Nestrasil) at 11:02

Penalties :
Matt Mangene (WBS) for Hooking (Minor) at 15:43

2nd period

2. Penguins , Xavier Ouellet 8 (Patrice Cormier, Trevor Parkes) at 3:15
3. Rampage , Matt Dumba 4 (Colton Sceviour) at 15:31
4. Rampage , Liam O'Brien 3 (Nate Prosser) at 17:23 (PP)

Penalties :
Jeff Schultz (WBS) for Fighting (Major) at 7:09, Liam O'Brien (SAN) for Fighting (Major) at 7:09, Patrice Cormier (WBS) for Fighting (Major) at 12:26, Christian Thomas (SAN) for Fighting (Major) at 12:26, FARMPLAYER2 (WBS) for Hooking (Minor) at 15:44, Jeff Schultz (WBS) for Fighting (Major) at 17:52, Tomas Kundratek (SAN) for Fighting (Major) at 17:52, Jeff Schultz (WBS) for instigated a fight (Minor) at 17:52, Jeff Schultz (WBS) for instigated a fight (10 Minutes Misconduct) at 17:52

3rd period

No Goal

Penalties :
Patrice Cormier (WBS) for Interference (Minor) at 3:22

Goalie Stats

Pheonix Copley (SAN), 32 saves from 33 shots - (0.970), W, 17-2-0, 60:00 minutes
Martin Brodeur (WBS), 27 saves from 30 shots - (0.900), L, 11-4-3, 60:00 minutes

Players Stats for Rampage

Player Name              G  A  P  +/- PIM S  H  SB GA TA FO     MP     PP MP  PK MP  
------------------------------------------------------------------------------------
Andrej Nestrasil         0  1  1   1  0   3  4  0  2  0  2/13   22:47   3:40   0:00 
Benn Ferriero            0  0  0   0  0   0  0  0  0  0  0/0     0:00   0:00   0:00 
Brett Hextall            0  0  0   1  0   0  0  0  0  0  0/0    15:16   0:00   0:00 
Christian Thomas         0  0  0  -1  5   4  0  3  2  0  0/0    18:51   2:57   0:00 
Colton Sceviour          0  1  1   1  0   3  0  2  3  1  0/3    22:42   3:40   0:00 
Connor Brickley          0  0  0  -1  0   0  1  0  0  1  6/16   20:54   3:32   0:00 
Daniel Briere            0  0  0   0  0   2  0  1  0  0  0/0    14:12   4:04   0:00 
Joel Chouinard           0  0  0   0  0   0  1  0  0  0  0/0    15:04   0:00   0:00 
Keaton Ellerby           0  0  0   0  0   0  2  0  1  1  0/0    19:31   1:24   0:00 
Ladislav Smid            0  0  0   0  0   3  0  1  1  2  0/0    18:07   0:00   0:00 
Liam O'Brien             2  0  2   1  5   4  3  0  4  0  0/0    15:55   3:23   0:00 
Matt Dumba               1  0  1   1  0   4  0  0  0  0  0/0    24:21   4:21   0:00 
Matthew Corrente         0  0  0   0  0   0  0  0  0  0  0/0     0:00   0:00   0:00 
Max Friberg              0  0  0   1  0   2  2  0  1  0  1/1    17:07   3:56   0:00 
Nate Prosser             0  1  1   1  0   3  2  3  0  0  0/0    22:22   3:15   0:00 
Tanner Richard           0  0  0   1  0   0  1  0  0  0  7/12   16:53   0:24   0:00 
Taylor Beck              0  0  0  -1  0   1  4  2  1  0  0/0    21:36   3:24   0:00 
Tomas Kundratek          0  1  1   0  5   1  1  1  0  0  0/0    14:19   0:00   0:00 

Players Stats for Penguins

Player Name              G  A  P  +/- PIM S  H  SB GA TA FO     MP     PP MP  PK MP  
------------------------------------------------------------------------------------
Adam Clendening          0  0  0   0  0   6  2  0  1  1  0/0    22:09   0:00   3:20 
Charles Sarault          0  0  0  -1  0   5  1  1  0  1  4/9    17:41   0:00   3:06 
Danny Biega              0  0  0   0  0   4  1  1  1  1  0/0    22:09   0:00   3:20 
Drew Bagnall             0  0  0   0  0   0  1  0  0  4  0/0    16:42   0:00   0:00 
Dustin Gazley            0  0  0  -2  0   0  1  1  0  0  1/1    15:10   0:00   0:00 
FARM PLAYER15            0  0  0   0  0   0  2  0  0  0  0/0    19:01   0:00   3:16 
FARM PLAYER22            0  0  0   0  0   0  0  0  0  0  0/0     6:32   0:00   0:15 
FARMPLAYER2              0  0  0   0  2   4  0  2  3  0  0/0    18:17   0:00   4:21 
Garrett Meurs            0  0  0   0  0   0  0  1  0  1  3/6     7:48   0:00   0:00 
Jason Gregoire           0  0  0   0  0   0  1  1  1  0  0/0     7:48   0:00   0:00 
Jeff Schultz             0  0  0  -1  22  0  0  2  0  0  0/0    10:44   0:00   1:57 
Justin Vaive             0  0  0  -1  0   1  0  0  0  0  2/2    16:21   0:00   0:00 
Matt Mangene             0  0  0   0  2   0  3  0  0  0  1/1    13:39   0:00   0:00 
Patrice Cormier          0  1  1   1  7   1  1  1  0  0  5/9    16:30   0:00   0:38 
Philippe Cornet          0  0  0   0  0   1  3  0  0  0  0/0    18:22   0:00   1:16 
Ryan Spooner             0  0  0   0  0   1  0  0  1  1  13/17  21:57   0:00   4:39 
Trevor Parkes            0  1  1   0  0   1  1  0  0  1  0/0    16:21   0:00   0:00 
Xavier Ouellet           1  0  1  -1  0   9  1  1  2  0  0/0    25:07   0:00   4:16 

3 Stars

1 - Pheonix Copley (SAN)
2 - Liam O'Brien (SAN)
3 - Matt Dumba (SAN)

Power Play

Rampage - 1 on 4 Attempt(s) - 25.00%
Penguins - 0 on 0 Attempt(s) - 0.00%

Penalty Kill

Rampage - 0 on 0 Attempt(s) - 0.00% - Score 0 goal in Penalty Kill
Penguins - 3 on 4 Attempt(s) - 75.00% - Score 0 goal in Penalty Kill

Team Stat

Rampage - Hits : 21 - Faceoff Wins : 16 - Blocked Shots : 13 - Penalty Minutes : 15
Penguins - Hits : 18 - Faceoff Wins : 29 - Blocked Shots : 11 - Penalty Minutes : 33

Official

Referees : Unknown
Linesman : Unknown

Game Notes

Liam O'Brien beats up Jeff Schultz at 7:09 of 2nd period
Patrice Cormier and Christian Thomas fight to a draw at 12:26 of 2nd period
Jeff Schultz and Tomas Kundratek fight to a draw at 17:52 of 2nd period

Finance

Level 1 -- Attendance: 1548 (77.40%) -- Ticket Income $54,180
Level 2 -- Attendance: 685 (68.50%) -- Ticket Income $10,275
Total Attendance: 2233 (74.43%)
Total Ticket Income: $64,455
Other Income: $31,583
Total Income: $96,038

Rampage

5 vs 5 Forward 
   Center                   Left Wing                Right Wing               Time % Phy DF OF 
 1 Andrej Nestrasil         Daniel Briere            Colton Sceviour          35     0   1  4  
 2 Connor Brickley          Taylor Beck              Christian Thomas         30     0   1  4  
 3 Tanner Richard           Colton Sceviour          Max Friberg              22     1   3  1  
 4 Andrej Nestrasil         Liam O'Brien             Brett Hextall            13     1   3  1  

5 vs 5 Defense 
   Defense                  Defense                                           Time % Phy DF OF 
 1 Matt Dumba               Nate Prosser                                      35     0   1  4  
 2 Keaton Ellerby           Ladislav Smid                                     30     0   1  4  
 3 Joel Chouinard           Tomas Kundratek                                   22     0   4  1  
 4 Matt Dumba               Nate Prosser                                      13     0   1  4  

PowerPlay Forward 
   Center                   Left Wing                Right Wing               Time % Phy DF OF 
 1 Andrej Nestrasil         Daniel Briere            Colton Sceviour          60     0   0  5  
 2 Connor Brickley          Taylor Beck              Max Friberg              40     0   1  4  

PowerPlay Defense
   Defense                  Defense                                           Time % Phy DF OF 
 1 Christian Thomas         Matt Dumba                                        60     0   0  5  
 2 Liam O'Brien             Nate Prosser                                      40     0   0  5  

Penalty Kill 4 Players Forward 
   Center                   Wing                     Time % Phy DF OF 
 1 Colton Sceviour          Andrej Nestrasil         60     1   4  0  
 2 Daniel Briere            Taylor Beck              40     1   4  0  

Penalty Kill 4 Players Defense
   Defense                  Defense                  Time % Phy DF OF 
 1 Ladislav Smid            Nate Prosser             60     1   4  0  
 2 Matt Dumba               Tomas Kundratek          40     1   4  0  

Penalty Kill - 3 Players Forward 
   Forward                                           Time % Phy DF OF 
 1 Colton Sceviour                                   60     1   4  0  
 2 Andrej Nestrasil                                  40     1   4  0  

Penalty Kill - 3 Players Defense
   Defense                  Defense                  Time % Phy DF OF 
 1 Ladislav Smid            Nate Prosser             60     1   4  0  
 2 Matt Dumba               Tomas Kundratek          40     1   4  0  

4 vs 4 Forward 
   Center                   Wing                     Time % Phy DF OF 
 1 Colton Sceviour          Andrej Nestrasil         60     0   1  4  
 2 Daniel Briere            Taylor Beck              40     0   1  4  

4 vs 4 Defense
   Defense                  Defense                  Time % Phy DF OF 
 1 Matt Dumba               Keaton Ellerby           60     0   1  4  
 2 Nate Prosser             Tomas Kundratek          40     0   1  4  

Last Minutes Offensive
   Center                   Left Wing                Right Wing               Defense                  Defense                  
   Andrej Nestrasil         Daniel Briere            Colton Sceviour          Taylor Beck              Matt Dumba               

Last Minutes Defensive
   Center                   Left Wing                Right Wing               Defense                  Defense                  
   Andrej Nestrasil         Daniel Briere            Colton Sceviour          Ladislav Smid            Nate Prosser             

Goaltenders
Starting : Pheonix Copley           
Backup : Viktor Fasth             

Extra Forwards
Normal : Andrej Nestrasil, Colton Sceviour, Christian Thomas - PP : Andrej Nestrasil, Colton Sceviour - PK : Taylor Beck
Extra Defensemen
Normal : Matt Dumba, Tomas Kundratek, Nate Prosser - PP : Matt Dumba - PK : Nate Prosser, Matt Dumba
Penalty Shots
Colton Sceviour, Daniel Briere, Connor Brickley, Max Friberg, Tanner Richard

Penguins

5 vs 5 Forward 
   Center                   Left Wing                Right Wing               Time % Phy DF OF 
 1 Ryan Spooner             FARMPLAYER2              Matt Mangene             35     1   2  2  
 2 Patrice Cormier          Philippe Cornet          Trevor Parkes            30     1   2  2  
 3 Charles Sarault          Justin Vaive             Dustin Gazley            22     1   2  2  
 4 Garrett Meurs            Jason Gregoire           Ryan Spooner             13     1   2  2  

5 vs 5 Defense 
   Defense                  Defense                                           Time % Phy DF OF 
 1 Xavier Ouellet           Jeff Schultz                                      35     1   2  2  
 2 Adam Clendening          Danny Biega                                       30     1   2  2  
 3 Drew Bagnall             FARM PLAYER15                                     22     1   2  2  
 4 FARM PLAYER22            Xavier Ouellet                                    13     1   2  2  

PowerPlay Forward 
   Center                   Left Wing                Right Wing               Time % Phy DF OF 
 1 Ryan Spooner             FARMPLAYER2              Matt Mangene             60     1   2  2  
 2 Patrice Cormier          Philippe Cornet          Trevor Parkes            40     1   2  2  

PowerPlay Defense
   Defense                  Defense                                           Time % Phy DF OF 
 1 Xavier Ouellet           Jeff Schultz                                      60     1   2  2  
 2 Adam Clendening          Danny Biega                                       40     1   2  2  

Penalty Kill 4 Players Forward 
   Center                   Wing                     Time % Phy DF OF 
 1 Ryan Spooner             FARMPLAYER2              60     1   2  2  
 2 Patrice Cormier          Philippe Cornet          40     1   2  2  

Penalty Kill 4 Players Defense
   Defense                  Defense                  Time % Phy DF OF 
 1 Xavier Ouellet           Jeff Schultz             60     1   2  2  
 2 Adam Clendening          Danny Biega              40     1   2  2  

Penalty Kill - 3 Players Forward 
   Forward                                           Time % Phy DF OF 
 1 Ryan Spooner                                      60     1   2  2  
 2 FARMPLAYER2                                       40     1   2  2  

Penalty Kill - 3 Players Defense
   Defense                  Defense                  Time % Phy DF OF 
 1 Xavier Ouellet           Jeff Schultz             60     1   2  2  
 2 Adam Clendening          Danny Biega              40     1   2  2  

4 vs 4 Forward 
   Center                   Wing                     Time % Phy DF OF 
 1 Ryan Spooner             FARMPLAYER2              60     1   2  2  
 2 Patrice Cormier          Philippe Cornet          40     1   2  2  

4 vs 4 Defense
   Defense                  Defense                  Time % Phy DF OF 
 1 Xavier Ouellet           Jeff Schultz             60     1   2  2  
 2 Adam Clendening          Danny Biega              40     1   2  2  

Last Minutes Offensive
   Center                   Left Wing                Right Wing               Defense                  Defense                  
   Ryan Spooner             FARMPLAYER2              Matt Mangene             Xavier Ouellet           Jeff Schultz             

Last Minutes Defensive
   Center                   Left Wing                Right Wing               Defense                  Defense                  
   Ryan Spooner             FARMPLAYER2              Matt Mangene             Xavier Ouellet           Jeff Schultz             

Goaltenders
Starting : Martin Brodeur           
Backup : FARM GOALIE14            

Extra Forwards
Normal : Justin Vaive, Dustin Gazley, Charles Sarault - PP : Justin Vaive, Dustin Gazley - PK : Charles Sarault
Extra Defensemen
Normal : Drew Bagnall, FARM PLAYER15, FARM PLAYER22 - PP : Drew Bagnall - PK : FARM PLAYER15, FARM PLAYER22
Penalty Shots
Ryan Spooner, FARMPLAYER2, Patrice Cormier, Philippe Cornet, Justin Vaive

% Time on Ice - Rampage

Lines # - Real PCT - Wanted PCT - Time Play
Normal Forward
1 - 20% - 35% - 10:31
2 - 32% - 30% - 16:59
3 - 25% - 22% - 12:54
4 - 23% - 13% - 12:00
Normal Defense
1 - 31% - 35% - 16:03
2 - 35% - 30% - 18:33
3 - 29% - 22% - 15:04
4 - 5% - 13% - 2:44
PP Forward
1 - 48% - 60% - 3:40
2 - 52% - 40% - 3:56
PP Defense
1 - 57% - 60% - 4:21
2 - 43% - 40% - 3:15
PK Forward
1 - 0% - 60%
2 - 0% - 40%
PK Defense
1 - 0% - 60%
2 - 0% - 40%
PK3 Forward
1 - 0% - 60%
2 - 0% - 40%
PK3 Defense
1 - 0% - 60%
2 - 0% - 40%
44 Forward
1 - 0% - 60%
2 - 0% - 40%
44 Defense
1 - 0% - 60%
2 - 0% - 40%
Last Minute Offensive  - 0:00
Last Minute Defensive  - 0:00
Total
Forward - 60:00
Defense - 60:00

% Time on Ice - Penguins

Lines # - Real PCT - Wanted PCT - Time Play
Normal Forward
1 - 26% - 35% - 13:48
2 - 33% - 30% - 17:06
3 - 26% - 22% - 13:42
4 - 15% - 13% - 7:48
Normal Defense
1 - 32% - 35% - 16:52
2 - 36% - 30% - 18:49
3 - 23% - 22% - 12:17
4 - 8% - 13% - 4:26
PP Forward
1 - 0% - 60%
2 - 0% - 40%
PP Defense
1 - 0% - 60%
2 - 0% - 40%
PK Forward
1 - 83% - 60% - 6:20
2 - 17% - 40% - 1:16
PK Defense
1 - 56% - 60% - 4:16
2 - 44% - 40% - 3:20
PK3 Forward
1 - 0% - 60%
2 - 0% - 40%
PK3 Defense
1 - 0% - 60%
2 - 0% - 40%
44 Forward
1 - 0% - 60%
2 - 0% - 40%
44 Defense
1 - 0% - 60%
2 - 0% - 40%
Last Minute Offensive  - 0:00
Last Minute Defensive  - 0:00
Total
Forward - 60:00
Defense - 60:00

Play by Play

1st period


0:01 of 1st period - Ryan Spooner wins face-off versus Andrej Nestrasil in neutral zone.
0:10 of 1st period - Slapshot by FARMPLAYER2.
0:10 of 1st period - Deflect By Ryan Spooner.
0:10 of 1st period - Shot Blocked by Nate Prosser.
0:10 of 1st period - Puck is out of play.
0:11 of 1st period - Ryan Spooner wins face-off versus Andrej Nestrasil in Rampage zone.
1:11 of 1st period - Slapshot by Trevor Parkes.
1:11 of 1st period - Stopped by Pheonix Copley with a rebound.
1:13 of 1st period - Wrist shot by Trevor Parkes.
1:13 of 1st period - Deflect By Patrice Cormier.
1:13 of 1st period - Stopped by Pheonix Copley with a rebound.
1:15 of 1st period - Snap shot by Adam Clendening.
1:15 of 1st period - Shot Blocked by Nate Prosser.
1:17 of 1st period - Slapshot by Adam Clendening.
1:17 of 1st period - Shot Misses the Net.
1:19 of 1st period - Snap shot by Philippe Cornet.
1:19 of 1st period - Stopped by Pheonix Copley with a rebound.
1:23 of 1st period - Wrist shot by Philippe Cornet.
1:23 of 1st period - Shot Misses the Net.
1:55 of 1st period - Colton Sceviour is hit by Adam Clendening and loses puck.
2:02 of 1st period - Slapshot by Justin Vaive.
2:02 of 1st period - Stopped by Pheonix Copley without a rebound.
2:03 of 1st period - Garrett Meurs wins face-off versus Andrej Nestrasil in Rampage zone.
2:08 of 1st period - Snap shot by Ryan Spooner.
2:08 of 1st period - Stopped by Pheonix Copley with a rebound.
2:14 of 1st period - Wrist shot by Andrej Nestrasil.
2:14 of 1st period - Shot Misses the Net.
2:16 of 1st period - Slapshot by Tomas Kundratek.
2:16 of 1st period - Shot Blocked by Jason Gregoire.
2:18 of 1st period - Snap shot by Andrej Nestrasil.
2:18 of 1st period - Shot Misses the Net.
2:54 of 1st period - FARM PLAYER15 is hit by Max Friberg and loses puck.
3:27 of 1st period - Snap shot by Charles Sarault.
3:27 of 1st period - Shot Blocked by Taylor Beck.
3:29 of 1st period - Slapshot by Xavier Ouellet.
3:29 of 1st period - Stopped by Pheonix Copley with a rebound.
4:03 of 1st period - Ladislav Smid is hit by Patrice Cormier and loses puck.
4:18 of 1st period - Max Friberg is hit by Philippe Cornet.
5:30 of 1st period - Adam Clendening is hit by Andrej Nestrasil and loses puck.
6:13 of 1st period - Wrist shot by Taylor Beck.
6:13 of 1st period - Deflect By Christian Thomas.
6:13 of 1st period - Stopped by Martin Brodeur with a rebound.
6:15 of 1st period - Wrist shot by Connor Brickley.
6:15 of 1st period - Deflect By Christian Thomas.
6:15 of 1st period - Stopped by Martin Brodeur with a rebound.
7:00 of 1st period - Icing by Joel Chouinard.
7:01 of 1st period - Garrett Meurs wins face-off versus Colton Sceviour in Rampage zone.
7:12 of 1st period - Slapshot by Xavier Ouellet.
7:12 of 1st period - Shot Misses the Net.
7:34 of 1st period - Nate Prosser is hit by Matt Mangene.
7:38 of 1st period - Slapshot by Matt Dumba.
7:38 of 1st period - Shot Blocked by Jeff Schultz.
7:40 of 1st period - Snap shot by Taylor Beck.
7:40 of 1st period - Shot Misses the Net.
7:42 of 1st period - Slapshot by Keaton Ellerby.
7:42 of 1st period - Shot Blocked by FARMPLAYER2.
7:44 of 1st period - Snap shot by Christian Thomas.
7:44 of 1st period - Shot Misses the Net.
7:46 of 1st period - Slapshot by Ladislav Smid.
7:46 of 1st period - Stopped by Martin Brodeur without a rebound.
7:47 of 1st period - Ryan Spooner wins face-off versus Connor Brickley in Penguins zone.
8:12 of 1st period - Snap shot by Adam Clendening.
8:12 of 1st period - Stopped by Pheonix Copley with a rebound.
8:14 of 1st period - Slapshot by Danny Biega.
8:14 of 1st period - Shot Misses the Net.
8:28 of 1st period - Keaton Ellerby is hit by Adam Clendening and loses puck.
9:05 of 1st period - Wrist shot by Colton Sceviour.
9:05 of 1st period - Stopped by Martin Brodeur with a rebound.
9:07 of 1st period - Snap shot by Nate Prosser.
9:07 of 1st period - Deflect By Ryan Spooner.
9:07 of 1st period - Stopped by Martin Brodeur with a rebound.
9:09 of 1st period - Snap shot by Max Friberg.
9:09 of 1st period - Shot Blocked by Garrett Meurs.
9:11 of 1st period - Snap shot by Nate Prosser.
9:11 of 1st period - Shot Misses the Net.
10:19 of 1st period - Wrist shot by Colton Sceviour.
10:19 of 1st period - Shot Misses the Net.
10:21 of 1st period - Wrist shot by Tomas Kundratek.
10:21 of 1st period - Stopped by Martin Brodeur without a rebound.
10:22 of 1st period - Dustin Gazley wins face-off versus Connor Brickley in Penguins zone.
10:37 of 1st period - Snap shot by Xavier Ouellet.
10:37 of 1st period - Stopped by Pheonix Copley with a rebound.
10:43 of 1st period - Xavier Ouellet is hit by Joel Chouinard and loses puck.
10:58 of 1st period - Slapshot by Andrej Nestrasil.
10:58 of 1st period - Stopped by Martin Brodeur with a rebound.
11:00 of 1st period - Backhand shot by Tomas Kundratek.
11:00 of 1st period - Shot Misses the Net.
11:02 of 1st period - Snap shot by Liam O'Brien.
11:02 of 1st period - Goal by Liam O'Brien - Rampage : 1 - Penguins : 0.
11:03 of 1st period - Connor Brickley wins face-off versus Patrice Cormier in neutral zone.
11:38 of 1st period - Wrist shot by Colton Sceviour.
11:38 of 1st period - Shot Misses the Net.
11:40 of 1st period - Slapshot by Ladislav Smid.
11:40 of 1st period - Deflect By Danny Biega.
11:40 of 1st period - Stopped by Martin Brodeur without a rebound.
11:41 of 1st period - Tanner Richard wins face-off versus Ryan Spooner in Penguins zone.
11:56 of 1st period - Nate Prosser is hit by FARM PLAYER15 and loses puck.
12:51 of 1st period - Snap shot by Xavier Ouellet.
12:51 of 1st period - Shot Blocked by Taylor Beck.
13:23 of 1st period - Jeff Schultz is hit by Keaton Ellerby.
14:53 of 1st period - Drew Bagnall is hit by Nate Prosser and loses puck.
15:43 of 1st period - Minor Penalty to Matt Mangene for Hooking.
15:44 of 1st period - Ryan Spooner wins face-off versus Connor Brickley in Penguins zone.
16:18 of 1st period - Snap shot by Charles Sarault.
16:18 of 1st period - Shot Blocked by Christian Thomas.
16:24 of 1st period - FARMPLAYER2 is hit by Andrej Nestrasil and loses puck.
16:42 of 1st period - Snap shot by Adam Clendening.
16:42 of 1st period - Shot Blocked by Nate Prosser.
16:44 of 1st period - Slapshot by FARMPLAYER2.
16:44 of 1st period - Stopped by Pheonix Copley without a rebound.
16:45 of 1st period - Charles Sarault wins face-off versus Connor Brickley in Rampage zone.
16:46 of 1st period - Wrist shot by FARMPLAYER2.
16:46 of 1st period - Shot Misses the Net.
17:42 of 1st period - Ryan Spooner is hit by Liam O'Brien and loses puck.
17:43 of 1st period - Penalty to Matt Mangene is over, Matt Mangene is back on ice.
19:18 of 1st period - Snap shot by Dustin Gazley.
19:18 of 1st period - Deflect By Charles Sarault.
19:18 of 1st period - Stopped by Pheonix Copley with a rebound.
19:29 of 1st period - Icing by Drew Bagnall.
19:30 of 1st period - Tanner Richard wins face-off versus Charles Sarault in Penguins zone.
19:44 of 1st period - Slapshot by Colton Sceviour.
19:44 of 1st period - Shot Blocked by Dustin Gazley.
Goals for this period are 1 for Rampage vs 0 for Penguins.
Shots for this period are 9 for Rampage vs 10 for Penguins.

2nd period


0:01 of 2nd period - Ryan Spooner wins face-off versus Andrej Nestrasil in neutral zone.
0:03 of 2nd period - Off-side.
0:04 of 2nd period - Andrej Nestrasil wins face-off versus Ryan Spooner in neutral zone.
0:21 of 2nd period - Ryan Spooner is hit by Andrej Nestrasil and loses puck.
0:30 of 2nd period - Snap shot by Colton Sceviour.
0:30 of 2nd period - Stopped by Martin Brodeur with a rebound.
0:32 of 2nd period - Wrist shot by Daniel Briere.
0:32 of 2nd period - Shot Misses the Net.
0:34 of 2nd period - Slapshot by Nate Prosser.
0:34 of 2nd period - Deflect By Andrej Nestrasil.
0:34 of 2nd period - Shot Misses the Net.
0:34 of 2nd period - Puck is out of play.
0:35 of 2nd period - Patrice Cormier wins face-off versus Connor Brickley in Penguins zone.
1:32 of 2nd period - Nate Prosser is hit by Dustin Gazley and loses puck.
1:55 of 2nd period - Slapshot by Xavier Ouellet.
1:55 of 2nd period - Stopped by Pheonix Copley with a rebound.
1:57 of 2nd period - Slapshot by Charles Sarault.
1:57 of 2nd period - Stopped by Pheonix Copley with a rebound.
2:13 of 2nd period - Wrist shot by FARMPLAYER2.
2:13 of 2nd period - Stopped by Pheonix Copley with a rebound.
2:15 of 2nd period - Slapshot by FARMPLAYER2.
2:15 of 2nd period - Stopped by Pheonix Copley without a rebound.
2:16 of 2nd period - Ryan Spooner wins face-off versus Andrej Nestrasil in Rampage zone.
2:39 of 2nd period - Slapshot by FARMPLAYER2.
2:39 of 2nd period - Shot Misses the Net.
3:15 of 2nd period - Slapshot by Xavier Ouellet.
3:15 of 2nd period - Goal by Xavier Ouellet - Rampage : 1 - Penguins : 1.
3:16 of 2nd period - Connor Brickley wins face-off versus Patrice Cormier in neutral zone.
3:27 of 2nd period - Nate Prosser is hit by Xavier Ouellet and loses puck.
3:42 of 2nd period - Slapshot by Matt Dumba.
3:42 of 2nd period - Shot Blocked by Jeff Schultz.
3:49 of 2nd period - Off-side.
3:50 of 2nd period - Charles Sarault wins face-off versus Andrej Nestrasil in neutral zone.
3:57 of 2nd period - Slapshot by Danny Biega.
3:57 of 2nd period - Shot Blocked by Colton Sceviour.
3:59 of 2nd period - Wrist shot by Charles Sarault.
3:59 of 2nd period - Stopped by Pheonix Copley with a rebound.
4:09 of 2nd period - Slapshot by Danny Biega.
4:09 of 2nd period - Shot Blocked by Daniel Briere.
4:11 of 2nd period - Snap shot by Danny Biega.
4:11 of 2nd period - Shot Misses the Net.
4:39 of 2nd period - Adam Clendening is hit by Andrej Nestrasil and loses puck.
5:22 of 2nd period - Wrist shot by Andrej Nestrasil.
5:22 of 2nd period - Stopped by Martin Brodeur with a rebound.
5:24 of 2nd period - Slapshot by Brett Hextall.
5:24 of 2nd period - Shot Blocked by FARMPLAYER2.
5:26 of 2nd period - Slapshot by Liam O'Brien.
5:26 of 2nd period - Stopped by Martin Brodeur without a rebound.
5:27 of 2nd period - Patrice Cormier wins face-off versus Andrej Nestrasil in Penguins zone.
5:32 of 2nd period - Nate Prosser is hit by Trevor Parkes and loses puck.
5:55 of 2nd period - Xavier Ouellet is hit by Tanner Richard and loses puck.
6:00 of 2nd period - Slapshot by Matt Dumba.
6:00 of 2nd period - Stopped by Martin Brodeur without a rebound.
6:01 of 2nd period - Tanner Richard wins face-off versus Charles Sarault in Penguins zone.
6:02 of 2nd period - Snap shot by Colton Sceviour.
6:02 of 2nd period - Stopped by Martin Brodeur with a rebound.
7:09 of 2nd period - Liam O'Brien beats up Jeff Schultz.
7:09 of 2nd period - Penalty to Jeff Schultz for Fighting.
7:09 of 2nd period - Penalty to Liam O'Brien for Fighting.
7:10 of 2nd period - Ryan Spooner wins face-off versus Andrej Nestrasil in Penguins zone.
7:17 of 2nd period - Slapshot by Andrej Nestrasil.
7:17 of 2nd period - Shot Misses the Net.
7:21 of 2nd period - Wrist shot by Brett Hextall.
7:21 of 2nd period - Shot Misses the Net.
7:23 of 2nd period - Wrist shot by Andrej Nestrasil.
7:23 of 2nd period - Shot Misses the Net.
7:25 of 2nd period - Slapshot by Nate Prosser.
7:25 of 2nd period - Shot Misses the Net.
7:27 of 2nd period - Slapshot by Nate Prosser.
7:27 of 2nd period - Shot Misses the Net.
7:31 of 2nd period - Wrist shot by Andrej Nestrasil.
7:31 of 2nd period - Stopped by Martin Brodeur with a rebound.
7:33 of 2nd period - Snap shot by Andrej Nestrasil.
7:33 of 2nd period - Shot Misses the Net.
7:45 of 2nd period - Slapshot by Xavier Ouellet.
7:45 of 2nd period - Shot Misses the Net.
7:47 of 2nd period - Slapshot by Xavier Ouellet.
7:47 of 2nd period - Deflect By FARMPLAYER2.
7:47 of 2nd period - Stopped by Pheonix Copley with a rebound.
8:01 of 2nd period - Philippe Cornet is hit by Taylor Beck and loses puck.
8:25 of 2nd period - Wrist shot by Max Friberg.
8:25 of 2nd period - Shot Misses the Net.
8:27 of 2nd period - Slapshot by Ladislav Smid.
8:27 of 2nd period - Shot Misses the Net.
8:29 of 2nd period - Wrist shot by Max Friberg.
8:29 of 2nd period - Stopped by Martin Brodeur without a rebound.
8:30 of 2nd period - Tanner Richard wins face-off versus Charles Sarault in Penguins zone.
8:39 of 2nd period - Slapshot by Adam Clendening.
8:39 of 2nd period - Stopped by Pheonix Copley with a rebound.
8:59 of 2nd period - Wrist shot by Andrej Nestrasil.
8:59 of 2nd period - Shot Blocked by Danny Biega.
9:11 of 2nd period - Wrist shot by Christian Thomas.
9:11 of 2nd period - Stopped by Martin Brodeur with a rebound.
9:13 of 2nd period - Slapshot by Brett Hextall.
9:13 of 2nd period - Shot Misses the Net.
9:48 of 2nd period - Max Friberg is hit by Matt Mangene and loses puck.
9:57 of 2nd period - Nate Prosser is hit by Matt Mangene and loses puck.
10:38 of 2nd period - Xavier Ouellet is hit by Taylor Beck.
10:58 of 2nd period - Wrist shot by Trevor Parkes.
10:58 of 2nd period - Shot Blocked by Tomas Kundratek.
11:07 of 2nd period - Off-side.
11:08 of 2nd period - Tanner Richard wins face-off versus Garrett Meurs in neutral zone.
11:27 of 2nd period - Wrist shot by Xavier Ouellet.
11:27 of 2nd period - Shot Misses the Net.
12:20 of 2nd period - Tomas Kundratek is hit by Philippe Cornet and loses puck.
12:26 of 2nd period - Patrice Cormier and Christian Thomas fight to a draw.
12:26 of 2nd period - Penalty to Patrice Cormier for Fighting.
12:26 of 2nd period - Penalty to Christian Thomas for Fighting.
12:27 of 2nd period - Connor Brickley wins face-off versus Charles Sarault in Penguins zone.
12:44 of 2nd period - Slapshot by Adam Clendening.
12:44 of 2nd period - Stopped by Pheonix Copley with a rebound.
12:46 of 2nd period - Wrist shot by Justin Vaive.
12:46 of 2nd period - Shot Misses the Net.
12:48 of 2nd period - Snap shot by Danny Biega.
12:48 of 2nd period - Shot Misses the Net.
12:50 of 2nd period - Backhand shot by Danny Biega.
12:50 of 2nd period - Stopped by Pheonix Copley with a rebound.
12:52 of 2nd period - Slapshot by Adam Clendening.
12:52 of 2nd period - Deflect By Matt Dumba.
12:52 of 2nd period - Stopped by Pheonix Copley with a rebound.
12:54 of 2nd period - Slapshot by Danny Biega.
12:54 of 2nd period - Shot Misses the Net.
12:56 of 2nd period - Wrist shot by Charles Sarault.
12:56 of 2nd period - Shot Misses the Net.
12:58 of 2nd period - Wrist shot by Adam Clendening.
12:58 of 2nd period - Stopped by Pheonix Copley without a rebound.
12:59 of 2nd period - Ryan Spooner wins face-off versus Tanner Richard in Rampage zone.
13:16 of 2nd period - Snap shot by Max Friberg.
13:16 of 2nd period - Deflect By Colton Sceviour.
13:16 of 2nd period - Shot Misses the Net.
13:16 of 2nd period - Puck is out of play.
13:17 of 2nd period - Ryan Spooner wins face-off versus Tanner Richard in Penguins zone.
14:35 of 2nd period - Slapshot by Danny Biega.
14:35 of 2nd period - Stopped by Pheonix Copley with a rebound.
14:41 of 2nd period - Slapshot by Danny Biega.
14:41 of 2nd period - Stopped by Pheonix Copley without a rebound.
14:42 of 2nd period - Tanner Richard wins face-off versus Charles Sarault in Rampage zone.
14:47 of 2nd period - Snap shot by Matt Dumba.
14:47 of 2nd period - Stopped by Martin Brodeur without a rebound.
14:48 of 2nd period - Justin Vaive wins face-off versus Andrej Nestrasil in Penguins zone.
15:31 of 2nd period - Slapshot by Matt Dumba.
15:31 of 2nd period - Goal by Matt Dumba - Rampage : 2 - Penguins : 1.
15:32 of 2nd period - Matt Mangene wins face-off versus Connor Brickley in neutral zone.
15:44 of 2nd period - Minor Penalty to FARMPLAYER2 for Hooking.
15:45 of 2nd period - Ryan Spooner wins face-off versus Connor Brickley in Penguins zone.
17:23 of 2nd period - Slapshot by Liam O'Brien.
17:23 of 2nd period - Goal by Liam O'Brien - Rampage : 3 - Penguins : 1.
17:24 of 2nd period - Justin Vaive wins face-off versus Connor Brickley in neutral zone.
17:27 of 2nd period - Slapshot by Xavier Ouellet.
17:27 of 2nd period - Stopped by Pheonix Copley with a rebound.
17:52 of 2nd period - Jeff Schultz and Tomas Kundratek fight to a draw.
17:52 of 2nd period - Penalty to Jeff Schultz for Fighting.
17:52 of 2nd period - Penalty to Tomas Kundratek for Fighting.
17:52 of 2nd period - Penalty to Jeff Schultz for instigated a fight.
17:52 of 2nd period - Penalty to Jeff Schultz for instigated a fight.
17:53 of 2nd period - Max Friberg wins face-off versus Ryan Spooner in Penguins zone.
17:54 of 2nd period - Slapshot by Matt Dumba.
17:54 of 2nd period - Shot Blocked by Xavier Ouellet.
17:56 of 2nd period - Slapshot by Matt Dumba.
17:56 of 2nd period - Deflect By Taylor Beck.
17:56 of 2nd period - Stopped by Martin Brodeur with a rebound.
17:58 of 2nd period - Snap shot by Christian Thomas.
17:58 of 2nd period - Shot Misses the Net.
18:08 of 2nd period - Slapshot by Christian Thomas.
18:08 of 2nd period - Stopped by Martin Brodeur with a rebound.
18:10 of 2nd period - Wrist shot by Taylor Beck.
18:10 of 2nd period - Shot Misses the Net.
18:12 of 2nd period - Slapshot by Christian Thomas.
18:12 of 2nd period - Shot Misses the Net.
19:17 of 2nd period - Philippe Cornet is hit by Liam O'Brien and loses puck.
19:38 of 2nd period - Snap shot by Daniel Briere.
19:38 of 2nd period - Shot Blocked by Charles Sarault.
19:40 of 2nd period - Slapshot by Matt Dumba.
19:40 of 2nd period - Shot Misses the Net.
19:52 of 2nd period - Penalty to Jeff Schultz is over, FARM PLAYER15 is send on ice.
19:54 of 2nd period - Slapshot by Max Friberg.
19:54 of 2nd period - Stopped by Martin Brodeur with a rebound.
Goals for this period are 2 for Rampage vs 1 for Penguins.
Shots for this period are 14 for Rampage vs 15 for Penguins.

3rd period


0:01 of 3rd period - Ryan Spooner wins face-off versus Andrej Nestrasil in neutral zone.
0:09 of 3rd period - Ryan Spooner is hit by Nate Prosser and loses puck.
0:54 of 3rd period - Matt Dumba is hit by Drew Bagnall and loses puck.
1:34 of 3rd period - Slapshot by Danny Biega.
1:34 of 3rd period - Deflect By Dustin Gazley.
1:34 of 3rd period - Shot Misses the Net.
1:34 of 3rd period - Puck is out of play.
1:35 of 3rd period - Charles Sarault wins face-off versus Tanner Richard in Rampage zone.
1:36 of 3rd period - Slapshot by Xavier Ouellet.
1:36 of 3rd period - Deflect By Ladislav Smid.
1:36 of 3rd period - Stopped by Pheonix Copley with a rebound.
1:38 of 3rd period - Snap shot by Charles Sarault.
1:38 of 3rd period - Stopped by Pheonix Copley with a rebound.
1:40 of 3rd period - Slapshot by Xavier Ouellet.
1:40 of 3rd period - Stopped by Pheonix Copley with a rebound.
2:28 of 3rd period - Danny Biega is hit by Liam O'Brien and loses puck.
2:50 of 3rd period - Slapshot by Ladislav Smid.
2:50 of 3rd period - Stopped by Martin Brodeur without a rebound.
2:51 of 3rd period - Connor Brickley wins face-off versus Patrice Cormier in Penguins zone.
3:22 of 3rd period - Minor Penalty to Patrice Cormier for Interference.
3:23 of 3rd period - Ryan Spooner wins face-off versus Andrej Nestrasil in Penguins zone.
3:35 of 3rd period - Snap shot by Daniel Briere.
3:35 of 3rd period - Stopped by Martin Brodeur with a rebound.
4:38 of 3rd period - Slapshot by Adam Clendening.
4:38 of 3rd period - Shot Blocked by Christian Thomas.
4:42 of 3rd period - Snap shot by Adam Clendening.
4:42 of 3rd period - Shot Blocked by Christian Thomas.
4:44 of 3rd period - Snap shot by Danny Biega.
4:44 of 3rd period - Stopped by Pheonix Copley with a rebound.
4:46 of 3rd period - Wrist shot by Charles Sarault.
4:46 of 3rd period - Stopped by Pheonix Copley without a rebound.
4:47 of 3rd period - Ryan Spooner wins face-off versus Colton Sceviour in Rampage zone.
5:22 of 3rd period - Penalty to Patrice Cormier is over, Patrice Cormier is back on ice.
5:45 of 3rd period - Liam O'Brien is hit by Philippe Cornet and loses puck.
6:01 of 3rd period - Icing by Xavier Ouellet.
6:02 of 3rd period - Charles Sarault wins face-off versus Tanner Richard in Penguins zone.
6:44 of 3rd period - Slapshot by Adam Clendening.
6:44 of 3rd period - Shot Misses the Net.
6:54 of 3rd period - Keaton Ellerby is hit by Charles Sarault and loses puck.
7:56 of 3rd period - Danny Biega is hit by Taylor Beck.
8:06 of 3rd period - FARMPLAYER2 is hit by Connor Brickley and loses puck.
8:32 of 3rd period - Adam Clendening is hit by Tomas Kundratek and loses puck.
9:35 of 3rd period - Off-side.
9:36 of 3rd period - Garrett Meurs wins face-off versus Connor Brickley in neutral zone.
10:57 of 3rd period - Max Friberg is hit by Danny Biega and loses puck.
11:40 of 3rd period - Xavier Ouellet is hit by Max Friberg and loses puck.
12:10 of 3rd period - Drew Bagnall is hit by Taylor Beck and loses puck.
12:21 of 3rd period - Slapshot by Daniel Briere.
12:21 of 3rd period - Stopped by Martin Brodeur without a rebound.
12:22 of 3rd period - Tanner Richard wins face-off versus Ryan Spooner in Penguins zone.
12:48 of 3rd period - Icing by Andrej Nestrasil.
12:49 of 3rd period - Andrej Nestrasil wins face-off versus Garrett Meurs in Rampage zone.
12:52 of 3rd period - 10 Minutes Misconduct Penalty to Jeff Schultz is over.
13:19 of 3rd period - Slapshot by Adam Clendening.
13:19 of 3rd period - Stopped by Pheonix Copley with a rebound.
13:21 of 3rd period - Slapshot by Adam Clendening.
13:21 of 3rd period - Deflect By Philippe Cornet.
13:21 of 3rd period - Shot Blocked by Ladislav Smid.
13:21 of 3rd period - Puck is out of play.
13:22 of 3rd period - Patrice Cormier wins face-off versus Connor Brickley in Rampage zone.
13:35 of 3rd period - Wrist shot by Taylor Beck.
13:35 of 3rd period - Shot Misses the Net.
14:46 of 3rd period - Slapshot by Xavier Ouellet.
14:46 of 3rd period - Stopped by Pheonix Copley with a rebound.
14:48 of 3rd period - Slapshot by Xavier Ouellet.
14:48 of 3rd period - Stopped by Pheonix Copley without a rebound.
14:49 of 3rd period - Connor Brickley wins face-off versus Garrett Meurs in Rampage zone.
14:49 of 3rd period - Connor Brickley is hit by FARM PLAYER15.
15:13 of 3rd period - Ladislav Smid is hit by Jason Gregoire and loses puck.
15:26 of 3rd period - Snap shot by Liam O'Brien.
15:26 of 3rd period - Shot Blocked by Patrice Cormier.
15:28 of 3rd period - Wrist shot by Liam O'Brien.
15:28 of 3rd period - Deflect By Drew Bagnall.
15:28 of 3rd period - Stopped by Martin Brodeur with a rebound.
15:30 of 3rd period - Snap shot by Liam O'Brien.
15:30 of 3rd period - Shot Misses the Net.
16:30 of 3rd period - Snap shot by Colton Sceviour.
16:30 of 3rd period - Shot Misses the Net.
16:32 of 3rd period - Snap shot by Nate Prosser.
16:32 of 3rd period - Stopped by Martin Brodeur with a rebound.
18:07 of 3rd period - FARMPLAYER2 is hit by Keaton Ellerby and loses puck.
18:29 of 3rd period - Off-side.
18:30 of 3rd period - Patrice Cormier wins face-off versus Tanner Richard in neutral zone.
19:26 of 3rd period - Wrist shot by Daniel Briere.
19:26 of 3rd period - Shot Misses the Net.
19:28 of 3rd period - Slapshot by Matt Dumba.
19:28 of 3rd period - Stopped by Martin Brodeur with a rebound.
19:30 of 3rd period - Backhand shot by Nate Prosser.
19:30 of 3rd period - Shot Misses the Net.
19:32 of 3rd period - Snap shot by Nate Prosser.
19:32 of 3rd period - Stopped by Martin Brodeur without a rebound.
19:33 of 3rd period - Patrice Cormier wins face-off versus Colton Sceviour in Penguins zone.
19:52 of 3rd period - Slapshot by Danny Biega.
19:52 of 3rd period - Deflect By Patrice Cormier.
19:52 of 3rd period - Shot Blocked by Colton Sceviour.
19:52 of 3rd period - Puck is out of play.
19:53 of 3rd period - Connor Brickley wins face-off versus Patrice Cormier in Rampage zone.
Goals for this period are 0 for Rampage vs 0 for Penguins.
Shots for this period are 7 for Rampage vs 8 for Penguins.